 Dungeon Crawl Stone Soup version 0.30-a0-1157-g2cc9ac7196 (webtiles) character file.

Game seed: 16565548414947829602

60986 iamoutofideas the Severer (level 15, -7/141 HPs)
             Began as a Hill Orc Reaver on Apr 25, 2023.
             Was an Initiate of Gozag.
             Mangled by a reaper
             ... wielding a +1 vampiric scythe
              (30 damage)
             ... on level 1 of the Lair of Beasts.
             The game lasted 00:31:21 (22874 turns).

iamoutofideas the Severer (Hill Orc Reaver)        Turns: 22874, Time: 00:31:22

Health: -7/141     AC: 20    Str: 23    XL:     15   Next: 1%
Magic:  22/22      EV: 15    Int: 19    God:    Gozag
Gold:   3138       SH:  5    Dex:  9    Spells: 15/23 levels left

rFire   . . .        V - +4 broad axe (freeze)
rCold   + . .        o - +0 buckler
rNeg    . . .        J - +3 scale mail "Nerphoust" {+Blink +Inv Fly rC+}
rPois   .            M - +0 helmet
rElec   .            q - +0 cloak
rCorr   .            C - +2 pair of gloves
SInv    +            p - +2 pair of slick slippers {slick, slippery, EV+4}
Will    +....        a - amulet of the acrobat Stlth
                     m - +6 ring of intelligence
HPRegen 0.43/turn    c - ring of see invisible
MPRegen 0.18/turn

%: acrobat
@: flying
A: no striking features
a: Renounce Religion, Evoke Blink, Evoke Invisibility, Potion Petition, Call
Merchant, Bribe Branch


You were on level 1 of the Lair of Beasts.
You worshipped Gozag.
Gozag was most pleased with you.
You visited 3 branches of the dungeon, and saw 18 of its levels.
You also visited: Sewer.

You collected 6263 gold pieces.
You spent 1670 gold pieces at shops.
You paid 1455 gold pieces to Gozag.

Inventory:

Hand Weapons
 w - a +5 hand axe of electrocution
 T - a +1 scimitar of flaming
 V - a +4 broad axe of freezing (weapon)
Armour
 h - a +0 troll leather armour {Pargi}
 o - a +0 buckler (worn)
 p - the +2 pair of slick slippers (worn) {slick, slippery, EV+4}
   (You acquired it on level 11 of the Dungeon)

   Slick:     Its wearer cannot be constricted, engulfed, netted or webbed.
   Slippery:  Its wearer slips away from damaging melee attacks, pulling the
   attacker onward.
   EV:        It affects your evasion (+4).
 q - a +0 cloak (worn)
 C - a +2 pair of gloves (worn)
 J - the +3 scale mail "Nerphoust" (worn) {+Blink +Inv Fly rC+}
   (You found it on level 5 of the Lair of Beasts)

   rC:        It protects you from cold.
   +Inv:      It lets you turn invisible.
   Fly:       It grants you flight.
   +Blink:    It lets you blink.
 M - a +0 helmet (worn)
 W - a +2 scale mail of willpower
Jewellery
 a - an amulet of the acrobat (around neck)
 b - a ring of fire
 c - a ring of see invisible (right hand)
 m - a +6 ring of intelligence (left hand)
 y - a ring of magical power
 G - a ring of magical power
 K - a ring of resist corrosion
Wands
 t - a wand of polymorph (21)
 v - a wand of paralysis (22)
 A - a wand of iceblast (2)
 F - a wand of mindburst (19)
 L - a wand of acid (9)
Scrolls
 e - 3 scrolls of immolation
 f - 5 scrolls of poison
 i - 5 scrolls of magic mapping
 j - 7 scrolls of identify
 k - 4 scrolls of silence
 s - a scroll of butterflies
 I - 2 scrolls of fear
 Q - 3 scrolls of teleportation
 R - 2 scrolls of amnesia
 S - 3 scrolls of fog
Potions
 d - 5 potions of curing
 l - 5 potions of brilliance
 n - 2 potions of might
 r - 3 potions of attraction
 u - 2 potions of mutation
 x - a potion of heal wounds
 z - 3 potions of haste
 B - 7 potions of flight
 D - 2 potions of berserk rage
 E - 3 potions of magic
 H - 3 potions of resistance
Miscellaneous
 g - a lightning rod (4/4)


   Skills:
 * Level 15.6 Fighting
 + Level 3.6 Long Blades
 + Level 19.6 Axes
 + Level 10.6 Armour
 + Level 6.3 Dodging
 + Level 7.8 Shields
 * Level 4.8 Spellcasting
 + Level 7.1 Conjurations
 + Level 0.9 Evocations


You had 15 spell levels left.
You knew the following spells:

 Your Spells              Type           Power      Damage    Failure   Level
a - Kiss of Death         Conj/Necr      72%        2d10      7%          1
b - Mephitic Cloud        Conj/Pois/Air  13%        N/A       34%         3
c - Magic Dart            Conj           100%       1d8       1%          1
d - Swiftness             Air            4%         N/A       67%         3

Your spell library contained the following spells:

 Spells                   Type           Power      Damage    Failure   Level
 Shock                    Conj/Air       72%        1d7       7%          1
 Momentum Strike          Conj/Tloc      36%        3d9       11%         2
 Hailstorm                Conj/Ice       18%        3d6       22%         3
 Beastly Appendage        Tmut           8%         N/A       30%         1
 Freeze                   Ice            16%        1d4       30%         1
 Necrotise                Necr           16%        1d4       30%         1
 Call Imp                 Summ           8%         N/A       43%         2
 Ensorcelled Hibernation  Hex/Ice        8%         N/A       43%         2
 Wereblood                Tmut           4%         N/A       43%         2
 Sticky Flame             Conj/Fire      18%        2d4       56%         4
 Frozen Ramparts          Ice            8%         1d2       67%         3
 Gell's Gravitas          Tloc           4%         N/A       67%         3
 Ignite Poison            Fire/Tmut/Pois 4%         N/A       67%         3
 Spider Form              Tmut/Pois      4%         N/A       67%         3
 Teleport Other           Tloc           4%         N/A       67%         3
 Vampiric Draining        Necr           4%         2d6       67%         3
 Airstrike                Air            2%         2d(1-17)  97%         4
 Anguish                  Hex/Necr       2%         N/A       97%         4
 Summon Ice Beast         Ice/Summ       4%         N/A       97%         4
 Agony                    Necr           4%         N/A       100%        5
 Alistair's Intoxication  Tmut/Pois      2%         N/A       100%        5
 Borgnjor's Vile Clutch   Necr/Erth      2%         N/A       100%        5
 Summon Mana Viper        Hex/Summ       4%         N/A       100%        5
 Dispersal                Tloc           2%         N/A       100%        6
 Eringya's Noxious Bog    Tmut/Pois      2%         N/A       100%        6
 Monstrous Menagerie      Summ           2%         N/A       100%        7
 Ignition                 Fire           2%         3d3       100%        8


Dungeon Overview and Level Annotations

Branches:
Dungeon (12/15)            Temple (1/1) D:5            Lair (5/5) D:10
  Swamp (0/4) Lair:2       Spider (0/4) Lair:2        Slime (0/5) Lair:4
    Orc (0/2) D:10          Sewer (visited)

Altars:
Ashenzari
Cheibriados
Dithmenos
Elyvilon
Fedhas
Gozag
Hepliaklqana
Kikubaaqudgha
Makhleb
Nemelex Xobeh
Okawaru
Qazlal
Ru
Sif Muna
Trog
Uskayaw
Vehumet
Wu Jian
Xom
Yredelemnul
Zin
The Shining One
Jiyva

Shops:
D:10 **   D:11 ?

Annotations:
D:7 2 transporters, Sobieck's ghost, amateur DrTm
D:8 vault
D:10 exclusion: downstairs
D:11 exclusion: 3 downstairs


Message History

You slip backwards!
The reaper draws strength from your wounds!
You hit the reaper.
The reaper is heavily wounded.
You hit the plant. You freeze the plant.
The reaper hits you with a +1 vampiric scythe!!
The reaper draws strength from your wounds!
You barely miss the reaper.
The reaper is heavily wounded.
You slice the plant!! You freeze the plant. The reaper closely misses you.
You closely miss the reaper.
The reaper is moderately wounded.
You slice the plant!! You freeze the plant. You slash the reaper!
The reaper is heavily wounded.
You slash the plant! You freeze the plant.
A nearby plant withers and dies.
The reaper hits you with a +1 vampiric scythe.
The reaper draws strength from your wounds!
You slash the reaper! You freeze the reaper.
The reaper is severely wounded.
The reaper hits you with a +1 vampiric scythe!
You hit the reaper. You freeze the reaper.
The reaper is almost dead.
You barely miss the reaper.
The reaper is almost dead.
The reaper hits you with a +1 vampiric scythe!!
The reaper draws strength from your wounds!
You slash the reaper! You freeze the reaper.
The reaper is almost dead.
The reaper hits you with a +1 vampiric scythe!!
* * * LOW HITPOINT WARNING * * *
The reaper draws strength from your wounds!
You hit the reaper but do no damage.
The reaper is moderately wounded.
The reaper hits you with a +1 vampiric scythe!!
* * * LOW HITPOINT WARNING * * *
You feel much better.
The reaper hits you with a +1 vampiric scythe!!
You die...
Your body crumbles into a pile of gold.

#.#...### #####...####
#....#.# ##....## #
#....### # ##.....##
### ##.......#########
..###..###....#.....P#
...♣...# ##....2@##..##
♣#..♣♣#♣ ##.♣♣.♣###..#
♣♣♣♣ ♣♣♣♣♣♣....#.#
♣.♣♣♣♣....#.#
###########..♣♣.♣♣♣...#
.#..#.....#§..♣♣.♣♣♣###
.#..#.....#§..♣♣♣.♣♣
.'..+.2...'...♣..♣.♣
##..#.....#..♣..♣♣♣♣


You could see a reaper.

Vanquished Creatures
  Azrael (D:11)
  The ghost of Newt the Cleaver, a journeyman DsGl of Gozag (Lair:2)
  A catoblepas (Lair:4)
  A centaur warrior (D:12)
  7 hydras
  3 death yaks (Lair:5)
  3 two-headed ogres
  Nergalle (D:10)
  A skyshark (Lair:5)
  Pikel (D:4)
  A deep elf pyromancer (D:8)
  An oklob plant (Lair:3)
  2 manticores
  A cyclops (D:11)
  25 elephants
  4 black mambas
  13 cane toads
  3 rime drakes
  An unseen horror (D:12)
  2 kobold demonologists (D:10)
  6 komodo dragons
  2 tyrant leeches (Lair:2)
  4 polar bears
  7 hornets
  Prince Ribbit (D:9)
  12 blink frogs
  14 dream sheep (Lair:5)
  14 spriggans (Lair:5)
  5 wraiths
  42 yaks
  A slime creature (D:8)
  5 wyverns
  A human (Lair:1)
  4 basilisks
  A steam dragon (D:8)
  5 fire elementals
  Menkaure (D:6)
  7 vampire mosquitoes
  10 water moccasins
  A swamp worm (Lair:2)
  Duvessa (D:5)
  Pargi (D:3)
  2 hell hounds
  A sky beast (D:8)
  4 orc warriors
  7 black bears
  A swamp drake (D:10)
  3 boggarts (Lair:5)
  39 wolves
  5 centaurs
  A lemure (D:4)
  3 phantoms
  Blork the orc (D:6)
  7 kobold brigands
  10 bullfrogs
  6 scorpions
  4 wights (D:9)
  Dowan (D:5)
  2 howler monkeys (D:9)
  4 electric eels
  5 hounds
  11 orc priests
  2 jellies (D:5)
  7 iguanas
  14 orc wizards
  9 adders
  5 river rats (Sewer)
  3 shadow imps
  3 ufetubi
  3 worms
  4 dart slugs
  47 orcs
  6 bats
  7 endoplasms
  5 giant cockroaches
  3 goblins
  3 hobgoblins
  27 kobolds
  8 quokkas
  11 ball pythons
  5 frilled lizards
  10 rats
517 creatures vanquished.

Vanquished Creatures (others)
  A centaur warrior (D:8)
  An orc wizard (D:8)
  An orc (D:8)
  32 fungi
  48 plants
83 creatures vanquished.

Grand Total: 600 creatures vanquished

Notes
Turn   | Place    | Note
-------+----------+-------------------------------------------
     0 | D:1      | iamoutofideas the Hill Orc Reaver began the quest for the
                  | Orb.
     0 | D:1      | Reached XP level 1. HP: 18/18 MP: 3/3
   263 | D:1      | Reached XP level 2. HP: 24/25 MP: 4/4
   511 | D:1      | Found a faded altar of an unknown god.
  1139 | D:2      | Reached XP level 3. HP: 27/30 MP: 5/5
  1445 | D:2      | Reached skill level 5 in Axes
  1975 | D:3      | Reached XP level 4. HP: 38/38 MP: 6/6
  2085 | D:3      | Learned a level 3 spell: Mephitic Cloud
  2087 | D:3      | Learned a level 1 spell: Magic Dart
  2366 | D:3      | Found a blossoming altar of Fedhas.
  2655 | D:3      | Noticed Pargi
  2692 | D:3      | Killed Pargi
  2693 | D:3      | Reached skill level 6 in Axes
  2693 | D:3      | Reached XP level 5. HP: 16/47 MP: 7/7
  3313 | D:4      | Reached XP level 6. HP: 55/55 MP: 8/8
  3367 | D:4      | Reached skill level 5 in Fighting
  3367 | D:4      | Reached skill level 7 in Axes
  3498 | D:4      | Found a glowing drain.
  3527 | Sewer    | Entered a sewer
  3987 | D:4      | Reached skill level 8 in Axes
  3987 | D:4      | Reached skill level 1 in Armour
  3987 | D:4      | Reached XP level 7. HP: 61/61 MP: 9/9
  4087 | D:4      | Found a radiant altar of Vehumet.
  4212 | D:4      | Noticed Pikel
  4363 | D:5      | Entered Level 5 of the Dungeon
  4421 | D:5      | Found a staircase to the Ecumenical Temple.
  4463 | Temple   | Entered the Ecumenical Temple
  4550 | Temple   | Became a worshipper of Gozag Ym Sagoz the Greedy
  4654 | D:5      | Noticed Duvessa
  4654 | D:5      | Noticed Dowan
  4669 | D:5      | Killed Duvessa
  4670 | D:5      | Reached skill level 9 in Axes
  4672 | D:5      | Killed Dowan
  4790 | D:5      | Reached XP level 8. HP: 62/69 MP: 10/10
  4806 | D:5      | Reached skill level 10 in Axes
  5489 | D:4      | Reached skill level 11 in Axes
  5685 | D:6      | Reached skill level 1 in Shields
  5712 | D:6      | Noticed Menkaure
  5728 | D:6      | Killed Menkaure
  5796 | D:6      | Reached XP level 9. HP: 45/75 MP: 11/11
  6090 | D:6      | Reached skill level 12 in Axes
  6196 | D:6      | Found a hazy altar of Hepliaklqana.
  6251 | D:6      | Found a hide-covered altar of Uskayaw.
  6497 | D:6      | Noticed Blork the orc
  6511 | D:6      | Killed Blork the orc
  6801 | D:4      | Killed Pikel
  6802 | D:4      | Reached skill level 13 in Axes
  7041 | D:6      | Reached skill level 14 in Axes
  7249 | D:7      | Found a transporter.
  7255 | D:7      | Noticed Sobieck's ghost (amateur DrTm)
  7256 | D:7      | Noticed an unseen horror
  7302 | D:7      | Learned a level 3 spell: Swiftness
  7318 | D:7      | Found a transporter.
  7689 | D:8      | Reached XP level 10. HP: 83/83 MP: 12/12
  7707 | D:8      | Found a bloodstained altar of Trog.
  7761 | D:8      | Reached skill level 15 in Axes
  8243 | D:8      | Noticed a two-headed ogre
  8571 | D:8      | Killed a two-headed ogre
  8747 | D:8      | Noticed a centaur warrior
  8751 | D:8      | Noticed a deep elf pyromancer
  8809 | D:9      | Noticed Prince Ribbit
  8884 | D:9      | Killed Prince Ribbit
  8885 | D:9      | Reached skill level 16 in Axes
  8963 | D:9      | Paralysed by a hornet for 2 turns
  9109 | D:9      | Reached XP level 11. HP: 91/94 MP: 13/13
  9205 | D:9      | Found a glowing golden altar of the Shining One.
  9367 | D:10     | Entered Level 10 of the Dungeon
  9547 | D:10     | Found an ornate altar of the Wu Jian Council.
  9570 | D:10     | Identified the +1 flail of Dim Light {venom, rElec MP-9
                  | Int+4}
  9618 | D:10     | Reached skill level 5 in Shields
  9628 | D:10     | Found a snail-covered altar of Cheibriados.
  9686 | D:10     | Reached skill level 5 in Conjurations
 10040 | D:10     | Noticed Nergalle
 10049 | D:10     | Killed Nergalle
 10697 | D:10     | Reached skill level 5 in Armour
 10897 | D:10     | Found a staircase to the Orcish Mines.
 11136 | D:10     | Found a staircase to the Lair.
 11203 | D:11     | Noticed a two-headed ogre
 11213 | D:11     | Noticed a two-headed ogre
 11602 | D:8      | Killed a deep elf pyromancer
 11603 | D:8      | Reached skill level 17 in Axes
 11610 | D:8      | Killed a centaur warrior
 11852 | D:11     | Noticed a manticore
 11865 | D:11     | Killed a manticore
 12088 | D:11     | Noticed a cyclops
 12101 | D:11     | Killed a cyclops
 12102 | D:11     | Reached XP level 12. HP: 91/105 MP: 14/14
 12135 | D:11     | Killed a two-headed ogre
 12409 | D:11     | Found Konirek's Magic Scroll Shop.
 12417 | D:11     | Bought a scroll of acquirement for 676 gold pieces
 12417 | D:11     | Bought a scroll of identify for 26 gold pieces
 12417 | D:11     | Bought a scroll of identify for 26 gold pieces
 12417 | D:11     | Bought a scroll of enchant weapon for 97 gold pieces
 12417 | D:11     | Bought a scroll of teleportation for 39 gold pieces
 12417 | D:11     | Bought a scroll of fog for 52 gold pieces
 12417 | D:11     | Bought a scroll of fear for 52 gold pieces
 12420 | D:11     | Acquired 803 gold pieces
 12422 | D:11     | Acquired the +2 pair of slick slippers {slick, slippery,
                  | EV+4}
 12422 | D:11     | Found the +2 pair of slick slippers {slick, slippery, EV+4}
 12472 | D:11     | Killed a two-headed ogre
 12673 | D:12     | Noticed a fire giant
 12673 | D:12     | Noticed a centaur warrior
 12674 | D:12     | Noticed a tengu reaver
 12903 | D:12     | Noticed Azrael
 12923 | D:11     | Killed Azrael
 12924 | D:11     | Reached skill level 10 in Fighting
 12924 | D:11     | Reached skill level 5 in Dodging
 13336 | D:12     | Noticed a boulder beetle
 13336 | D:12     | Noticed a two-headed ogre
 13348 | D:12     | Noticed a boulder beetle
 13970 | D:12     | Killed a centaur warrior
 14218 | Lair:1   | Entered Level 1 of the Lair of Beasts
 14280 | Lair:1   | Found a runed translucent door.
 14879 | D:10     | Bought a potion of curing for 99 gold pieces
 14881 | D:10     | Bought a +2 broad axe of freezing for 288 gold pieces
 14881 | D:10     | Bought a +2 scale mail of willpower for 315 gold pieces
 15115 | Lair:1   | Noticed a reaper
 15596 | Lair:2   | Found a runed translucent gate.
 15597 | Lair:2   | Found a runed translucent gate.
 15598 | Lair:2   | Found a runed translucent gate.
 15600 | Lair:2   | Noticed Newt's ghost (journeyman DsGl)
 15643 | Lair:2   | Noticed an eight-headed hydra
 15661 | Lair:2   | Killed a two-headed hydra
 15680 | Lair:2   | Reached skill level 1 in Long Blades
 15680 | Lair:2   | Reached skill level 18 in Axes
 15705 | Lair:2   | Found a staircase to the Swamp.
 16096 | Lair:2   | Reached XP level 13. HP: 116/116 MP: 15/15
 16298 | Lair:2   | Found a hole to the Spider Nest.
 16753 | Lair:2   | Killed Newt's ghost
 17185 | Lair:3   | Identified the +4 ring mail "Damyg" {*Slow +Blink Dex+5}
 18453 | Lair:4   | Found a staircase to the Slime Pits.
 18454 | Lair:4   | Found a viscous altar of Jiyva.
 19287 | Lair:5   | Entered Level 5 of the Lair of Beasts
 19649 | Lair:4   | Reached XP level 14. HP: 19/130 MP: 18/18
 19939 | Lair:5   | Reached skill level 10 in Armour
 20376 | Lair:5   | Reached skill level 19 in Axes
 21067 | Lair:5   | Reached skill level 15 in Fighting
 21444 | Lair:5   | Identified the +3 scale mail "Nerphoust" {+Blink +Inv Fly
                  | rC+}
 22449 | Lair:3   | Reached XP level 15. HP: 141/141 MP: 22/22
 22873 | Lair:1   | HP: 3/141 [reaper/+1 vampiric scythe (19)]
 22874 | Lair:1   | Mangled by a reaper

Illustrated notes

Levels and vault maps discovered:
D:1:      dpeg_arrival_three_same_balls, layout_basic,
          dreamdust_ecumenical_altar_angels_and_demons, minivault_5,
          serial_park_tiny_1
D:2:      layout_rooms, chequers_serial_rivers_room_a, minivault_24,
          chequers_serial_rivers_micro_d
D:3:      layout_loops_corners, fedhas_altar_fruit_tree,
          kennysheep_cross_bottleneck, dk_noncrumbling_4, uniq_pargi
D:4:      layout_basic, pf_just_have_faith, gup_sewer_entry_pipe, uniq_pikel
D:5:      minmay_general_purpose_star, layout_loops_ring,
          minmay_temple_entry_wispy, hangedman_abyss_or_decor_passed,
          minmay_fractal_squares_diagonal_5, uniq_duvessa
D:6:      layout_cave_pools, lemuel_tele_altar, nicolae_uskayaw_suspiria,
          uniq_menkaure, uniq_blork_the_orc
D:7:      layout_loops_ring, nzn_ghost_randoct, st_stairs_4
D:8:      minmay_chambers_of_sevens, layout_basic, trog_ov_bears_minmay
D:9:      layout_rooms, tso_altar, minivault_24, uniq_prince_ribbit1
D:10:     layout_gridville, marbit_many_paths, nicolae_wu_jian_wuxing_cycle,
          erik_orc_1, amcnicky_mini_rare_corridor_liquid, uniq_nergalle
D:11:     layout_gridville, nicolae_stop_n_shop_1
D:12:     minmay_the_grid_triangle_9x9_rhombus_thin_mashed
          [minmay_the_grid_triangle_9x9_fully_insulated_deathbox,
          minmay_the_grid_triangle_9x9_prize_insulated,
          minmay_the_grid_triangle_9x9_shrine,
          minmay_the_grid_triangle_9x9_semitri], layout_rooms,
          gammafunk_ghost_hive, minivault_16,
          minmay_checkered_concentric_circles, uniq_azrael, uniq_jorgrun
Temple:   jpeg_temple_clearing
Lair:1:   layout_concentric_octagons, pdpol_lair_cabin_in_the_woods,
          grunt_megastairs_1
Lair:2:   layout_gridlike, minmay_swamp_entry_worms,
          spider_nest_entry_web_field, ebering_ghost_rock_garden,
          serial_bayou_shore_b, grunt_megastairs_3, lemuel_fruit_fields
Lair:3:   layout_big_grid, serial_bayou_shore_a
Lair:4:   layout_regular_city, slime_entry_1, serial_bayou_lagoon_b,
          lemuel_fruit_fields
Lair:5:   minmay_lair_end_enchanted_forest, layout_gridlike, lemuel_fruit_tree

Skill      XL: |  1  2  3  4  5  6  7  8  9 10 11 12 13 14 |
---------------+-------------------------------------------+-----
Axes           | 5 6 8 9 11 14 16 17 18 19 | 19.6
Fighting       | 3 4 5 6 7 9 11 13 15 | 15.6
Dodging        | 2 3 4 5 6 |  6.3
Armour         | 1 2 3 4 6 8 9 10 | 10.6
Shields        | 3 4 5 6 7 |  7.8
Conjurations   | 4 6 7 |  7.1
Long Blades    | 1 2 3 |  3.6
Spellcasting   | 3 4 |  4.8
Evocations     | |  0.9

Action                     |  1- 3 |  4- 6 |  7- 9 | 10-12 | 13-15 || total
---------------------------+-------+-------+-------+-------+-------++-------
  Melee: Hand axe          |   103 |   259 |   454 |   692 |       ||  1508
         Punch             |     1 |     1 |     3 |       |       ||     5
         Broad axe         |       |       |       |    62 |   640 ||   702
         Scimitar          |       |       |       |    10 |    45 ||    55
 Invoke: Call Merchant     |       |       |       |     2 |       ||     2
  Evoke: Wand              |       |     1 |       |     5 |       ||     6
    Use: Potion            |       |     4 |     6 |     6 |     4 ||    20
         Scroll            |       |     5 |     8 |    30 |     1 ||    44
   Stab: Distracted        |       |       |       |     5 |     4 ||     9
         Invisible         |       |       |       |     8 |       ||     8
 Armour: Leather armour    |    31 |    13 |       |       |       ||    44
         Skin              |       |    66 |       |    33 |       ||    99
         Troll leather arm |       |    43 |   125 |    81 |       ||   249
         Scale mail        |       |       |       |   169 |   234 ||   403
  Dodge: Dodged            |    69 |   131 |   223 |   319 |   406 ||  1148
  Block: Buckler           |       |       |    23 |   139 |   147 ||   309

Table legend: (Time is in decaauts)
 A = Elapsed time spent in this place.
 B = Non-inter-level travel time spent in this place.
 C = Inter-level travel time spent in this place.
 D = Time resting spent in this place.
 E = Time spent auto-exploring this place.
 F = Levels seen in this place.
 G = Mean time per level.
                   A        B        C        D        E       F      G
               +--------+--------+--------+--------+--------+-----+--------+
         Total |  22471 |  21087 |   1384 |   5944 |  11199 |  19 | 1182.7 |
       Dungeon |  13511 |  12558 |    953 |   3673 |   6394 |  12 | 1125.9 |
        Temple |    103 |     69 |     34 |      0 |     55 |   1 |  103.0 |
          Lair |   8398 |   8001 |    397 |   2269 |   4475 |   5 | 1679.6 |
         Sewer |    457 |    457 |      0 |      2 |    274 |   1 |  457.0 |
               +--------+--------+--------+--------+--------+-----+--------+

Top non-repeatable levels by time:
    D:11: 2398 daAuts
  Lair:5: 2303 daAuts
  Lair:4: 1896 daAuts
    D:10: 1877 daAuts
  Lair:2: 1497 daAuts
  Lair:1: 1467 daAuts
     D:3: 1392 daAuts
     D:8: 1265 daAuts
  Lair:3: 1233 daAuts
     D:4: 1146 daAuts
     D:5: 1082 daAuts
     D:1: 1061 daAuts
     D:6: 976 daAuts
     D:2: 787 daAuts
     D:9: 673 daAuts
